 Dungeon Crawl Stone Soup version 0.31.0-11-ge490571c62 (webtiles) character file.

Game seed: 14194187114254856140

175 qw the Skirmisher (level 5, -3/29 HPs)
             Began as a Deep Elf Hunter on Feb 3, 2024.
             Slain by a gnoll
             ... wielding a +0 whip
              (5 damage)
             ... on level 4 of the Dungeon.
             The game lasted 00:00:42 (2266 turns).

qw the Skirmisher (Deep Elf Hunter)                 Turns: 2266, Time: 00:00:42

Health: -3/29      AC:  5    Str: 10    XL:     5   Next: 29%
Magic:  7/7        EV: 11    Int: 14    God:
Gold:   182        SH:  0    Dex: 18    Spells: 4/4 levels left

rFire   . . .        a - +0 shortbow
rCold   . . .        (shield currently unavailable)
rNeg    . . .        h - +0 ring mail
rPois   .            (no helmet)
rElec   .            (no cloak)
rCorr   .            (no gloves)
SInv    .            (no boots)
Will    .....        (no amulet)
Stlth   +            (no ring)
HPRegen 0.24/turn    (no ring)
MPRegen 0.10/turn

%: no passive effects
@: no status effects
A: no striking features
a: no special abilities


You were on level 4 of the Dungeon.
You visited 1 branch of the dungeon, and saw 4 of its levels.

You collected 182 gold pieces.


   Skills:
 - Level 1.5 Fighting
 + Level 8.8 Ranged Weapons
 - Level 2.4 Dodging
 - Level 1.2 Stealth


You had 4 spell levels left.
You didn't know any spells.
Your spell library was empty.

Inventory:

Hand Weapons
 a - a +0 shortbow (weapon)
Armour
 h - a +0 ring mail (worn)
Wands
 g - a wand of paralysis (5)
 k - a wand of mindburst (11)
Scrolls
 c - a scroll of enchant armour {unknown}
 i - a scroll of immolation {unknown}
Potions
 b - a potion of resistance
 d - a potion of cancellation
 e - a potion of might
 f - a potion of haste
 j - a potion of degeneration {unknown}

Dungeon Overview and Level Annotations

Branches:
Dungeon (4/15)
 Temple: D:4-7

Altars:
Trog

Shops:
D:3 (

Annotations:
D:3 1 runed translucent door, Crazy Yiuf


Message History

A gnoll comes into view. It is wielding a +0 club.
The goblin moves out of view.
You shoot an arrow. The arrow hits the gnoll.
The gnoll is moderately wounded.
You hear a shout! x2
You shoot an arrow. The arrow barely misses the goblin.
You shoot an arrow. The arrow hits the goblin!
You kill the goblin!
You shoot an arrow. The arrow hits the gnoll.
The gnoll is almost dead.
You shoot an arrow. The arrow barely misses the gnoll.
You shoot an arrow. The arrow barely misses the gnoll.
You shoot an arrow. The arrow hits the gnoll.
You kill the gnoll!
The gnoll hits you with a +0 club. The gnoll hits you with a +0 club!
You shoot an arrow. The arrow hits the gnoll.
The gnoll is lightly wounded.
The gnoll hits you with a +0 club.
You shoot an arrow. The arrow hits the gnoll.
The gnoll is heavily wounded.
You hear a shout!
The gnoll hits you but does no damage.
A gnoll comes into view. It is wielding a +0 whip.
You shoot an arrow. The arrow hits the gnoll.
The gnoll is severely wounded.
The gnoll hits you with a +0 club.
You shoot an arrow. The arrow hits the gnoll!
You kill the gnoll!
You shoot an arrow.
The arrow hits the gnoll but does no damage.
You shoot an arrow. The arrow hits the gnoll.
The gnoll is moderately wounded.
The gnoll hits you with a +0 whip.
You shoot an arrow. The arrow hits the gnoll.
The gnoll is heavily wounded.
The gnoll hits you with a +0 whip.
You shoot an arrow. The arrow hits the gnoll.
The gnoll is almost dead.
The gnoll hits you with a +0 whip.
You die...

.....#....#####
.###..#..####
...##..#...#
..#...#...##
.#..###...#
##..#...#....
#...#...#....
#...#g..# ...
..###@###..#
#.....))....#
#..###)###..#
#. .#. .. . .
.. .. .. #. ##
#.


You could see a gnoll.

Vanquished Creatures
  An iguana (D:3)
  5 gnolls
  3 adders
  2 dart slugs
  2 ribbon worms
  9 ball pythons
  6 endoplasms
  5 giant cockroaches
  7 goblins
  9 hobgoblins
  2 quokkas
  6 bats
  6 frilled lizards
  3 kobolds
  4 rats (D:1)
70 creatures vanquished.

Notes
Turn   | Place    | Note
-------+----------+-------------------------------------------
     0 | D:1      | qw the Deep Elf Hunter began the quest for the Orb.
     0 | D:1      | Reached XP level 1. HP: 12/12 MP: 3/3
     0 | D:1      | 0 ||| qw: Version: 0.3-a-155-g5e7d8dd
     0 | D:1      | 0 ||| qw: Game counter: 3399
     0 | D:1      | 0 ||| qw: Melee chars always use a shield: true
     0 | D:1      | 0 ||| qw: God list: Okawaru
     0 | D:1      | 0 ||| qw: Allow faded altars: false
     0 | D:1      | 0 ||| qw: Do Orc after clearing Dungeon:15 true
     0 | D:1      | 0 ||| qw: Do second Lair branch before Depths: true
     0 | D:1      | 0 ||| qw: Lair rune preference: random
     0 | D:1      | 0 ||| qw: Goals: Normal
     0 | D:1      | 0 ||| PLANNING D:1-11
   107 | D:1      | Reached XP level 2. HP: 11/16 MP: 4/4
   142 | D:1      | Reached skill level 6 in Ranged Weapons
   348 | D:1      | Reached XP level 3. HP: 20/20 MP: 5/5
   612 | D:1      | 612 ||| READING scroll labelled NYNEUX GOHIPPAAG.
   613 | D:1      | 613 ||| DROPPING scroll of butterflies.
   837 | D:2      | Reached skill level 7 in Ranged Weapons
   964 | D:2      | Reached XP level 4. HP: 12/25 MP: 6/6
   966 | D:2      | 966 ||| FLEEEEING.
   967 | D:2      | 967 ||| FLEEEEING.
   968 | D:2      | 968 ||| FLEEEEING.
   969 | D:2      | 969 ||| FLEEEEING.
   970 | D:2      | 970 ||| FLEEEEING.
   971 | D:2      | 971 ||| FLEEEEING.
   972 | D:2      | 972 ||| FLEEEEING.
   973 | D:2      | 973 ||| FLEEEEING.
   974 | D:2      | 974 ||| FLEEEEING.
   975 | D:2      | 975 ||| FLEEEEING.
   976 | D:2      | 976 ||| FLEEEEING.
   977 | D:2      | 977 ||| FLEEEEING.
   978 | D:2      | 978 ||| FLEEEEING.
   979 | D:2      | 979 ||| FLEEEEING.
   980 | D:2      | 980 ||| FLEEEEING.
   981 | D:2      | 981 ||| FLEEEEING.
   982 | D:2      | 982 ||| FLEEEEING.
   983 | D:2      | 983 ||| FLEEEEING.
   984 | D:2      | 984 ||| FLEEEEING.
   985 | D:2      | 985 ||| FLEEEEING.
   986 | D:2      | 986 ||| FLEEEEING.
   987 | D:2      | 987 ||| FLEEEEING.
   988 | D:2      | 988 ||| FLEEEEING.
   989 | D:2      | 989 ||| FLEEEEING.
   990 | D:2      | 990 ||| FLEEEEING.
   991 | D:2      | 991 ||| FLEEEEING.
   992 | D:2      | 992 ||| STAIRDANCE
  1014 | D:1      | 1014 ||| READING scroll labelled YPPENI JUCYSYJ.
  1014 | D:1      | 1014 ||| IDENTIFYING gluggy clear potion
  1168 | D:2      | 1168 ||| READING scroll labelled ZUYDUUMYMP.
  1471 | D:3      | Found a bloodstained altar of Trog.
  1486 | D:3      | Found Monogozi's Weapon Boutique.
  1560 | D:3      | HP: 3/25 [iguana (11)]
  1563 | D:3      | Reached skill level 8 in Ranged Weapons
  1802 | D:3      | Found a faded altar of an unknown god.
  1894 | D:3      | Found a runed translucent door.
  1895 | D:3      | Noticed Crazy Yiuf
  2065 | D:3      | 2065 ||| UPGRADING to +0 ring mail.
  2075 | D:3      | 2075 ||| DROPPING +0 leather armour.
  2076 | D:3      | 2076 ||| READING 3 scrolls of identify.
  2076 | D:3      | 2076 ||| IDENTIFYING cyan potion
  2077 | D:3      | 2077 ||| READING 2 scrolls of identify.
  2077 | D:3      | 2077 ||| IDENTIFYING green potion
  2078 | D:3      | 2078 ||| READING scroll of identify.
  2078 | D:3      | 2078 ||| IDENTIFYING emerald potion
  2079 | D:3      | 2079 ||| READING scroll labelled BANAMOOTEEXEV.
  2146 | D:3      | 2146 ||| DRINKING 2 lumpy green potions.
  2147 | D:3      | 2147 ||| DROPPING potion of lignification.
  2198 | D:4      | Reached XP level 5. HP: 26/29 MP: 7/7
  2264 | D:4      | HP: 5/29 [gnoll/+0 whip (4)]
  2265 | D:4      | HP: 1/29 [gnoll/+0 whip (4)]
  2266 | D:4      | Slain by a gnoll

Levels and vault maps discovered:
D:1:      onia_arrival_mini_maze_b, layout_rooms, minmay_octomino_e4
D:2:      layout_rooms
D:3:      layout_rooms, mainiacjoe_overflow_six_doors_small,
          chequers_ecumenical_altar_grove, serial_shops, shop_fountains,
          chequers_serial_rivers_large_b, guppyfry_early_lair_pool,
          uniq_crazy_yiuf_cottage
D:4:      layout_rooms, nicolae_dithmenos_through_a_glass_darkly,
          minmay_temple_entry_enclosed_plants, nicolae_titane, uniq_edmund

Skill      XL: |  1  2  3  4 |
---------------+-------------+-----
Ranged Weapons | 6 7 8 |  8.8
Fighting       | |  1.5
Dodging        | |  2.4
Stealth        | |  1.2

Action                     |  1- 3 |  4- 6 || total
---------------------------+-------+-------++-------
   Fire: Shortbow          |   151 |    82 ||   233
    Use: Scroll            |     1 |     6 ||     7
         Potion            |       |     1 ||     1
 Armour: Leather armour    |    20 |     6 ||    26
         Ring mail         |       |    14 ||    14
  Dodge: Dodged            |    20 |    12 ||    32

Table legend:
 A = Non-vault XP
 B = Vault XP
 C = Vault XP percentage of total XP
 D = Non-vault monster count
 E = Vault monster count
 F = Vault count percentage of total count
                 A         B        C        D         E       F
            +---------+---------+-------+---------+---------+-------
      Total |     242 |       8 |   3.2 |      66 |       4 |   5.7
            +---------+---------+-------+---------+---------+-------
        D:1 |      40 |       8 |  16.7 |      26 |       4 |  13.3
        D:2 |      88 |       0 |   0.0 |      22 |       0 |   0.0
        D:3 |      59 |       0 |   0.0 |      11 |       0 |   0.0
        D:4 |      55 |       0 |   0.0 |       7 |       0 |   0.0
            +---------+---------+-------+---------+---------+-------
